 Dungeon Crawl Stone Soup version 0.13.0 (webtiles) character file.

10336 Jaijje the Frost Mage (level 11, -2/74 HPs)
             Began as a Yellow Draconian Ice Elementalist on Oct 11, 2013.
             Was an Elder of Vehumet.
             Slain by a komodo dragon simulacrum (13 damage)
             ... led by Josephine
             ... on Level 11 of the Dungeon on Oct 12, 2013.
             The game lasted 02:00:31 (15845 turns).

Jaijje the Frost Mage (DrIE)                       Turns: 15845, Time: 02:00:33

HP  -2/74        AC 10     Str 10      XL: 11   Next: 26%
MP  17/27        EV 12     Int 19      God: Vehumet [****..]
Gold 606         SH  0     Dex 12      Spells:  6 memorised,  9 levels left

Res.Fire  : . . .   See Invis. : .   t - staff of conjuration (curse)
Res.Cold  : . . .   Warding    : .   (armour unavailable)
Life Prot.: . . .   Conserve   : .   (no shield)
Res.Poison: .       Res.Corr.  : +   (helmet restricted)
Res.Elec. : .       Clarity    : .   m - +0 cloak
Sust.Abil.: . .     Spirit.Shd : .   n - +1 pair of dwarf gauntlets
Res.Mut.  : .       Stasis     : .   (no boots)
Res.Rott. : .       Flight     : .   (no amulet)
Saprovore : . . .                    P - ring of wizardry
                                     E - ring of protection from magic

@: about to teleport, slowed, very slow, quite resistant to hostile
enchantments, unstealthy
A: spit acid, acid resistance, unfitting armour, AC +7
a: Spit Acid, Renounce Religion


You were on level 11 of the Dungeon.
You worshipped Vehumet.
Vehumet was greatly pleased with you.
You were very hungry.

You visited 2 branches of the dungeon, and saw 14 of its levels.

You collected 658 gold pieces.
You spent 72 gold pieces at shops.

Inventory:

Hand weapons
 d - a +0,+2 dwarven short sword of flaming
 O - a cursed -2 blowgun
 S - a +0 blowgun
Missiles
 l - a silver dart (quivered)
 o - 2 darts
 T - 7 poisoned needles
Armour
 h - a +0 elven buckler
 m - a +0 cloak (worn)
 n - a +1 pair of dwarven gauntlets (worn)
 v - a +0 robe
Magical devices
 i - a wand of magic darts (0)
 k - a wand of random effects (12) {unknown}
 s - a wand of enslavement (20)
 B - a wand of paralysis (4)
 J - a wand of fire (6) {unknown}
 V - a wand of confusion (7) {unknown}
Comestibles
 c - 2 bread rations
 K - 2 meat rations
Scrolls
 e - a scroll of enchant weapon II
 r - 4 scrolls of teleportation
 u - 7 scrolls of remove curse
 y - 2 scrolls of magic mapping
 z - a scroll of enchant armour
 N - a scroll of amnesia
 R - a scroll of curse jewellery {unknown}
 W - 2 scrolls of blinking
Jewellery
 E - a ring of protection from magic (left hand)
 P - a ring of wizardry (right hand)
Potions
 a - 2 potions of restore abilities
 g - a potion of might
 j - a potion of resistance
 p - a potion of brilliance
 q - 3 potions of curing
 w - a potion of paralysis {unknown}
 A - a potion of heal wounds
 D - a potion of mutation
 F - 2 potions of speed
 G - a potion of flight {unknown}
 H - a potion of magic
 L - a potion of invisibility
Books
 b - a book of Frost

   Spells                             Type                      Level
   *Freeze                            Ice                          1
   *Throw Frost                       Conjuration/Ice              2
   Ozocubu's Armour                   Charms/Ice                   3
   *Throw Icicle                      Conjuration/Ice              4
   Summon Ice Beast                   Ice/Summoning                4
   Condensation Shield                Ice                          4
 x - a book of Minor Magic

   Spells                             Type                      Level
   Magic Dart                         Conjuration                  1
   *Blink                             Translocation                2
   Call Imp                           Summoning                    2
   Repel Missiles                     Charms/Air                   2
   Slow                               Hexes                        2
   *Conjure Flame                     Conjuration/Fire             3
   Mephitic Cloud                     Conjuration/Poison/Air       3
 C - a book of Clouds

   Spells                             Type                      Level
   Mephitic Cloud                     Conjuration/Poison/Air       3
   *Conjure Flame                     Conjuration/Fire             3
   Poisonous Cloud                    Conjuration/Poison/Air       6
   *Freezing Cloud                    Conjuration/Ice/Air          6
   Ring of Flames                     Charms/Fire                  7
 I - a book of Spatial Translocations

   Spells                             Type                      Level
   Apportation                        Translocation                1
   Portal Projectile                  Translocation                2
   *Blink                             Translocation                2
   Shroud of Golubria                 Charms/Translocation         2
   Teleport Other                     Translocation                3
   Passage of Golubria                Translocation                4
Magical staves
 t - a cursed staff of conjuration (weapon)
Miscellaneous
 f - a plain deck of escape


   Skills:
 - Level 2.0 Dodging
 - Level 1.7 Stealth
 + Level 8.5 Spellcasting
 * Level 9.8 Conjurations
 + Level 4.0 Translocations
 * Level 10.7 Ice Magic
 + Level 3.1 Air Magic


You had 9 spell levels left.
You knew the following spells:

 Your Spells              Type           Power        Failure   Level  Hunger
a - Freeze                Ice            ####         1%          1    None
b - Throw Frost           Conj/Ice       ######       1%          2    None
c - Conjure Flame         Conj/Fire      #####...     1%          3    None
d - Blink                 Tloc           N/A          1%          2    None
e - Throw Icicle          Conj/Ice       ######..     1%          4    ###....
f - Freezing Cloud        Conj/Ice/Air   ######....   8%          6    ######.


Dungeon Overview and Level Annotations

Branches:
Dungeon (13/27)            Temple (1/1) D:4             Orc (0/4) D:10
   Lair: D:8-13

Altars:
Ashenzari
Cheibriados
Elyvilon
Fedhas
Kikubaaqudgha
Makhleb
Nemelex Xobeh
Okawaru
Sif Muna
Trog
Vehumet
Xom
Yredelemnul
Zin
the Shining One

Shops:
D:8 *

Annotations:
D:7 1 exclusion


Message History

The big kobold skeleton is engulfed in freezing vapours.
The big kobold skeleton hits you.
The hill giant skeleton is engulfed in freezing vapours.
The komodo dragon simulacrum barely misses you.
You hit the komodo dragon simulacrum but do no damage.
The big kobold skeleton is engulfed in freezing vapours.
The big kobold skeleton hits you but does no damage.
The hill giant skeleton is engulfed in freezing vapours.
The komodo dragon simulacrum bites you!
The komodo dragon simulacrum freezes you!
You feel yourself slow down.
Read which item? (? for menu, Esc to quit)
As you read the scroll of teleportation, it crumbles to dust.
You feel strangely unstable.
The big kobold skeleton is engulfed in freezing vapours.
The big kobold skeleton closely misses you.
The hill giant skeleton hits you! The komodo dragon simulacrum bites you!
* * * LOW HITPOINT WARNING * * *
The komodo dragon simulacrum freezes you!
You die...

...# ## ..#
)....###.. ..# #..
........ ..## ##..
#...#..## #.># #...
#..###..###..###...
#..##....##...##...
#..................
#.....###......#...
#.@.### #.....#....


#ZzZ# #.......... #Z§§.# #.......... ..§§§.. #.......... #....§...........[.....
....##..<...#.......... ... ##...##........... .# #...# ........... #..
.......... You could see a komodo dragon simulacrum, a big kobold skeleton, a
hill giant skeleton and a cyclops skeleton.

Vanquished Creatures
  Erica (D:10)
  A centaur warrior (D:13)
  2 hill giants (D:10)
  2 trolls
  5 ugly things
  10 yaks
  2 hungry ghosts (D:9)
  A hippogriff (D:8)
  A necrophage (D:9)
  A sky beast (D:6)
  An ice beast (D:10)
  2 orc warriors (D:6)
  3 ogres
  3 centaurs (D:9)
  2 big kobolds (D:9)
  Duvessa (D:9)
  A water moccasin (D:8)
  A gnoll sergeant (D:9)
  10 giant frogs
  9 killer bees
  6 wights
  A troll skeleton (D:7)
  A yak skeleton (D:9)
  3 goliath beetles
  Dowan (D:9)
  2 hounds (D:9)
  16 crimson imps
  6 orc priests
  3 jellies
  2 scorpions
  A black bear skeleton (D:10)
  3 iguanas
  7 orc wizards
  5 worker ants
  A hound skeleton (D:4)
  A worker ant zombie (D:10)
  11 adders
  3 gnolls (D:9)
  6 giant mites
  2 white imps
  6 worms
  A scorpion zombie (D:8)
  3 giant eyeballs
  4 giant geckos
  4 oozes
  36 orcs
  15 bats
  A bat skeleton (D:4)
  12 hobgoblins
  4 jackals (D:9)
  34 kobolds
  3 giant cockroaches
  9 giant newts
  9 goblins
  A hobgoblin skeleton (D:9)
  A jackal skeleton (D:6)
  A kobold zombie (D:5)
  2 quokkas
  15 rats
301 creatures vanquished.

Vanquished Creatures (others)
  A fungus (D:9)
1 creature vanquished.

Grand Total: 302 creatures vanquished

Notes
Turn   | Place    | Note
--------------------------------------------------------------
     0 | D:1      | Jaijje, the Draconian Ice Elementalist, began the quest for the Orb.
     0 | D:1      | Reached XP level 1. HP: 14/14 MP: 3/3
    52 | D:1      | Found a sparkling altar of Nemelex Xobeh.
   248 | D:1      | Reached XP level 2. HP: 20/20 MP: 0/4
   739 | D:2      | Reached XP level 3. HP: 22/26 MP: 0/6
   831 | D:2      | Learned a level 2 spell: Throw Frost
  1229 | D:2      | Reached skill level 4 in Ice Magic
  1398 | D:2      | Reached XP level 4. HP: 6/33 MP: 1/8
  3376 | D:3      | Reached XP level 5. HP: 38/38 MP: 0/10
  3935 | D:4      | Found a bloodstained altar of Trog.
  4104 | D:4      | Reached XP level 6. HP: 31/45 MP: 4/12
  4233 | D:4      | Found a staircase to the Ecumenical Temple.
  4240 | Temple   | Entered the Ecumenical Temple
  4307 | Temple   | Became a worshipper of Vehumet
  4737 | D:2      | Found a basalt altar of Yredelemnul.
  4737 | D:2      | Found a shimmering altar of Xom.
  4737 | D:2      | Found a glowing silver altar of Zin.
  4737 | D:2      | Found a white marble altar of Elyvilon.
  4739 | D:2      | Found a sparkling altar of Nemelex Xobeh.
  4799 | D:5      | Entered Level 5 of the Dungeon
  4804 | D:5      | Reached skill level 5 in Ice Magic
  5160 | D:5      | Your scales start taking on a golden yellow colour.
  5160 | D:5      | Reached XP level 7. HP: 50/50 MP: 4/15
  5166 | D:5      | Paralysed by a giant eyeball for 4 turns
  5485 | D:6      | Acquired Vehumet's first power
  5485 | D:6      | Offered knowledge of Sandblast by Vehumet.
  5587 | D:5      | Paralysed by you for 6 turns
  5680 | D:7      | Reached skill level 6 in Ice Magic
  6195 | D:8      | Reached skill level 5 in Conjurations
  6195 | D:8      | Reached XP level 8. HP: 57/57 MP: 9/18
  6554 | D:6      | Reached skill level 5 in Spellcasting
  6967 | D:6      | Found an iron altar of Okawaru.
  7004 | D:6      | Reached skill level 7 in Ice Magic
  7168 | D:6      | Offered knowledge of Sting by Vehumet.
  7673 | D:6      | Learned a level 3 spell: Conjure Flame
  7676 | D:6      | Learned a level 2 spell: Blink
  8265 | D:7      | Reached XP level 9. HP: 62/62 MP: 18/21
  8910 | D:7      | Reached skill level 8 in Ice Magic
  9274 | D:8      | Found Utugrap's General Store.
  9278 | D:8      | Bought a meat ration for 48 gold pieces
  9278 | D:8      | Bought a scroll of identify for 24 gold pieces
  9845 | D:9      | Offered knowledge of Static Discharge by Vehumet.
 10331 | D:9      | Acquired Vehumet's second power
 10554 | D:9      | Offered knowledge of Stone Arrow by Vehumet.
 11004 | D:8      | Learned a level 4 spell: Throw Icicle
 11008 | D:9      | Reached skill level 9 in Ice Magic
 11239 | D:9      | Reached skill level 1 in Translocations
 11481 | D:9      | Reached XP level 10. HP: 43/69 MP: 16/24
 11701 | D:9      | Noticed Duvessa
 11701 | D:9      | Noticed Dowan
 11711 | D:9      | Killed Dowan
 11752 | D:10     | Entered Level 10 of the Dungeon
 12053 | D:9      | Killed Duvessa
 12650 | D:10     | Acquired Vehumet's third power
 12668 | D:10     | Found a staircase to the Orcish Mines.
 12673 | D:10     | Noticed Erica
 12706 | D:9      | Learned a level 6 spell: Freezing Cloud
 13536 | D:10     | Noticed a hill giant
 13544 | D:10     | Killed a hill giant
 13544 | D:10     | Reached skill level 1 in Air Magic
 14083 | D:10     | Killed Erica
 14083 | D:10     | Reached skill level 10 in Ice Magic
 14136 | D:10     | Offered knowledge of Bolt of Magma by Vehumet.
 14147 | D:10     | Noticed a hill giant
 14494 | D:10     | Killed a hill giant
 14605 | D:10     | Reached XP level 11. HP: 52/74 MP: 9/26
 14955 | D:11     | Paralysed by a giant eyeball for 3 turns
 15134 | D:13     | Noticed a centaur warrior
 15141 | D:13     | HP: 2/74 [centaur warrior/arrow of frost (18)]
 15143 | D:13     | Killed a centaur warrior
 15496 | D:13     | Noticed a centaur warrior
 15845 | D:11     | Slain by a komodo dragon simulacrum

Action                   |  1- 3 |  4- 6 |  7- 9 | 10-12 || total
-------------------------+-------+-------+-------+-------++-------
Melee: Unarmed           |     2 |       |       |       ||     2
       Short sword       |     1 |       |       |       ||     1
       Staff             |    14 |    43 |    58 |    18 ||   133
Throw: Dart              |     4 |       |     6 |     6 ||    16
 Cast: Freeze            |    72 |    79 |   247 |    63 ||   461
       Throw Frost       |     3 |    40 |   185 |    44 ||   272
       Conjure Flame     |       |       |    22 |     5 ||    27
       Blink             |       |       |     8 |     4 ||    12
       Throw Icicle      |       |       |    12 |    77 ||    89
       Freezing Cloud    |       |       |       |     6 ||     6
 Abil: Spit Acid         |       |       |     2 |       ||     2
Evoke: Wand              |       |       |    17 |       ||    17
  Use: Scroll            |       |    15 |    12 |    12 ||    39
       Potion            |       |       |     4 |     2 ||     6
 Stab: Sleeping          |       |     1 |       |       ||     1
       Paralysed         |       |       |     7 |       ||     7
